 Dungeon Crawl Stone Soup version 0.28.0-45-g0d030f2227 (webtiles) character file.

Game seed: 15552979338615497701

8325 mortz the Zephyrmancer (level 11, -1/74 HPs)
             Began as a White Draconian Air Elementalist on Apr 4, 2022.
             Was a Believer of Elyvilon.
             Slain by a two-headed ogre
             ... wielding a +0 giant spiked club
              (18 damage)
             ... on level 8 of the Dungeon.
             The game lasted 00:59:17 (9456 turns).

mortz the Zephyrmancer (DrAE)                       Turns: 9456, Time: 00:59:17

Health: -1/74      AC:  8    Str: 11    XL:     11   Next: 8%
Magic:  11/25      EV: 13    Int: 24    God:    Elyvilon [**....]
Gold:   566        SH:  0    Dex: 17    Spells: 20/30 levels left

rFire   . . .      SeeInvis +   G - +8 flail "Umamper" {spect, Int+4 SInv, mace}
rCold   + . .      Faith    .   (no shield)
rNeg    . . .      Spirit   .   (armour unavailable)
rPois   .          Reflect  .   (helmet restricted)
rElec   .          Harm     .   (no cloak)
rCorr   .          Rampage  .   p - +0 pair of gloves
Will    .....                   (no boots)
Stlth   +++.......              f - amulet of magic regeneration {@e2}
HPRegen 0.22/turn               L - ring of wizardry
MPRegen 0.59/turn               H - +6 ring of dexterity

@: no status effects
A: breathe frost, AC +7, unfitting armour, cold resistance 1, cold-blooded
a: Breathe Frost, Renounce Religion, Purification, Heal Other


You were on level 8 of the Dungeon.
You worshipped Elyvilon.
Elyvilon was pleased with you.
You visited 2 branches of the dungeon, and saw 10 of its levels.
You also visited: Sewer.

You collected 566 gold pieces.


Innate Abilities, Weirdness & Mutations

You can breathe waves of freezing cold which knock back foes.
Your icy white scales are hard. (AC +7)
You cannot fit into any form of body armour.
Your flesh is cold resistant. (rC+)
You are cold-blooded and may be slowed by cold attacks.


   Skills:
 + Level 0.2 Fighting
 + Level 2.4 Dodging
 + Level 3.4 Stealth
 + Level 10.4 Spellcasting
 + Level 5.3 Conjurations
 + Level 10.8 Air Magic
 + Level 4.3 Earth Magic
 * Level 1.8 Invocations


You had 20 spell levels left.
You knew the following spells:

 Your Spells              Type           Power      Damage    Failure   Level
a - Shock                 Conj/Air       100%       1d9       1%          1
b - Static Discharge      Conj/Air       51%        N/A       1%          2
c - Airstrike             Air            29%        N/A       1%          4
d - Stone Arrow           Conj/Erth      72%        3d11      1%          3

Your spell library contained the following spells:

 Spells                   Type           Power      Damage    Failure   Level
 Pain                     Necr           48%        1d6       1%          1
 Summon Small Mammal      Summ           48%        N/A       1%          1
 Swiftness                Air            59%        N/A       1%          3
 Call Canine Familiar     Summ           12%        N/A       6%          3
 Frozen Ramparts          Ice            24%        1d4       6%          3
 Ozocubu's Armour         Ice            12%        N/A       6%          3
 Summon Guardian Golem    Hex/Summ       12%        N/A       6%          3
 Ice Form                 Ice/Tmut       12%        N/A       21%         4
 Summon Ice Beast         Ice/Summ       12%        N/A       21%         4
 Agony                    Necr           12%        N/A       45%         5
 Excruciating Wounds      Necr           6%         N/A       45%         5
 Metabolic Englaciation   Hex/Ice        6%         N/A       45%         5
 Simulacrum               Ice/Necr       6%         N/A       95%         6
 Lehudib's Crystal Spear  Conj/Erth      18%        10d5      100%        8
 Animate Armour           Summ/Erth      Unusable   N/A       N/A         4

Inventory:

Hand Weapons
 o - a +1 vorpal glaive {polearm}
   (You took it off an orc warrior on level 7 of the Dungeon)
 E - a +1 hand axe {axe}
   (You took it off an orc on level 4 of the Dungeon)
 G - the +8 flail "Umamper" (weapon) {spect, Int+4 SInv, mace}
   (You found it on level 5 of the Dungeon)

   When its wielder attacks, the weapon's spirit leaps out and strikes again.
   The spirit shares a part of any damage it takes with its wielder.
   Int:       It affects your intelligence (+4).
   SInv:      It lets you see invisible.
Missiles
 a - 2 throwing nets {=f!fthrowing}
 r - 11 poisoned darts {throwing}
 F - 4 boomerangs of dispersal {=f!fthrowing}
Armour
 p - a +0 pair of gloves (worn)
   (You found it on level 2 of the Dungeon)
Magical Staves
 b - a staff of conjuration {!a@e2staff}
   (You acquired it on level 3 of the Dungeon)
 t - a staff of air {!astaff}
   (You acquired it on level 3 of the Dungeon)
 N - a staff of earth {!astaff}
   (You found it on level 6 of the Dungeon)
Jewellery
 f - an amulet of magic regeneration (around neck) {@e2}
   (You found it on level 1 of the Dungeon)
 g - an amulet of the acrobat
   (You found it on level 1 of the Dungeon)
 n - a ring of flight
   (You found it on level 2 of the Dungeon)
 q - a ring of poison resistance
   (You found it on level 2 of the Dungeon)
 H - a +6 ring of dexterity (right hand)
   (You found it on level 5 of the Dungeon)
 L - a ring of wizardry (left hand)
   (You took it off a kobold on level 6 of the Dungeon)
Wands
 c - a wand of charming (13)
   (You found it on level 7 of the Dungeon)
 s - a wand of acid (7)
   (You found it on level 3 of the Dungeon)
 y - a wand of mindburst (9)
   (You found it on level 8 of the Dungeon)
 A - a wand of polymorph (6)
   (You took it off Ijyb on level 3 of the Dungeon)
 J - a wand of paralysis (7)
   (You found it on level 5 of the Dungeon)
Scrolls
 h - 3 scrolls of immolation {!r!r}
 i - 3 scrolls of vulnerability {!r!r}
 k - 3 scrolls of teleportation {@r4}
 m - a scroll of magic mapping {!r}
 B - 3 scrolls of enchant armour {unknown}
Potions
 d - a potion of resistance
 e - a potion of haste {@q3}
 j - a potion of lignification {!q}
 l - 2 potions of curing {@q1}
 u - a potion of might {unknown}
 v - a potion of invisibility
 w - a potion of mutation {unknown}
 x - a potion of brilliance
 z - 3 potions of heal wounds {@q2}
 C - 2 potions of attraction {!q}
 D - 3 potions of flight
 K - a potion of berserk rage {!q}

Dungeon Overview and Level Annotations

Branches:
Dungeon (9/15)             Temple (1/1) D:6           Sewer (visited)
   Lair: D:8-11         Orc: D:9-12

Altars:
Ashenzari
Cheibriados
Dithmenos
Elyvilon
Fedhas
Gozag
Hepliaklqana
Kikubaaqudgha
Makhleb
Nemelex Xobeh
Qazlal
Ru
Trog
Vehumet
Wu Jian
Xom
The Shining One

#.# #.##.# ######.## #.##.#
...§....# #.##.# ≈≈≈.≈≈≈.#
#.##.# .(....≈.# #.#..#
≈.≈≈≈.≈.# #....## ≈...≈.≈.#
#.....##### ≈._.≈.≈.##
#O..(.....# # ≈...≈.≈..#
###@....###.# ## ≈≈≈≈≈.≈..#
#...........# #. ......≈..#
#.###.#####.##### #.
≈≈≈≈≈≈≈..# ##.###.....[.....#
#.
.........####...##.#####.###.#
## ............<.#.(...# #.#
#.# # #############...##..#
#.# #.# ##.###..# #.###.####
#.# #..# #.........


You could see a two-headed ogre.


Message History

The orc wizard shouts!
An orc warrior comes into view. It is wielding a +0 glaive.
The orc warrior shouts!
Aiming: Airstrike (safe; 1% risk of failure)
Press: ? - help, Q - select action, (/) - cycle Dir - move target, f - orc wizard
Aim: an orc wizard, wielding a +0 dagger and wearing a +0 robe (empty space bonus: 6/8)
The air twists around and strikes the orc wizard!
The two-headed ogre shouts in stereo!
You hear a shout! x2
The orc wizard mumbles some strange words.
The orc wizard flickers and vanishes for a moment. 😎 MP[-3]
You lost 3 mp, and now have 22/25 mp.
Aiming: Airstrike (safe; 1% risk of failure)
Press: ? - help, Q - select action, (/) - cycle Dir - move target, f/p - orc wizard
Aim: an orc wizard, wielding a +0 dagger and wearing a +0 robe (severely wounded, slightly transparent, empty space bonus: 7/8)
The air twists around and strikes the orc wizard!
You kill the orc wizard! 😎 MP[-4]
You lost 4 mp, and now have 18/25 mp. 😎 MP[+1] 😎 MP[+1] 😎 MP[+1] 😎 MP[+1]
Things that are here:
a +4 giant club {mace}; a +0 robe; 😎 MP[+1]
Things that are here:
a +0 dagger {short}; a +0 robe; an orc corpse
Things that are here:
a +0 club {mace}; a +0 leather armour; an orc corpse 😎 MP[+1]
You hear the faint creaking of a very distant portcullis. 😎 MP[+1]
Your mp is fully restored (25).
Aiming: Breathe Frost (3% risk of failure)
Press: ? - help, Shift-Dir - straight line, f - two-headed ogre
Aim: a two-headed ogre, wielding two +0 giant spiked clubs (85% to hit)
You fail to use your ability.
Aiming: Breathe Frost (3% risk of failure)
Press: ? - help, Shift-Dir - straight line, f/p - two-headed ogre
Aim: a two-headed ogre, wielding two +0 giant spiked clubs (85% to hit)
You exhale a wave of freezing cold.
The freezing breath hits the two-headed ogre!
The two-headed ogre is blown backwards by the freezing wind.
There is a stone staircase leading up here.
The two-headed ogre closely misses you. The two-headed ogre barely misses you.
You climb upwards.
There is a stone staircase leading down here.
You have got your breath back.
The two-headed ogre hits you with a +0 giant spiked club!!
The two-headed ogre hits you with a +0 giant spiked club! 😮 HP[-30]
You take 30 damage, and now have 44/74 hp.
MASSIVE DAMAGE!! (PAUSE) 😮 HP[+1] 😮 HP[+1] 😮 HP[+1] 😮 HP[+1]
There is a stone staircase leading down here. 😮 HP[+1] 😮 HP[+1] 😮 HP[+1] 😮 HP[+1] 😮 HP[+1] 😮 HP[+1] 😮 HP[+1]
Aiming: Airstrike (safe; 1% risk of failure)
Press: ? - help, Q - select action, (/) - cycle Dir - move target, f - two-headed ogre
Aim: a two-headed ogre, wielding two +0 giant spiked clubs (empty space bonus: 4/8)
The air twists around and strikes the two-headed ogre! 😕 HP[+1] MP[-4]
You lost 4 mp, and now have 21/25 mp.
Aiming: Airstrike (safe; 1% risk of failure)
Press: ? - help, Q - select action, (/) - cycle Dir - move target, f/p - two-headed ogre
Aim: a two-headed ogre, wielding two +0 giant spiked clubs (lightly wounded, empty space bonus: 4/8)
The air twists around and strikes the two-headed ogre!
The two-headed ogre closely misses you.
The two-headed ogre hits you with a +0 giant spiked club. 😮 HP[-6] MP[-3]
You take 6 damage, and now have 50/74 hp.
You lost 3 mp, and now have 18/25 mp.
Aiming: Airstrike (safe; 1% risk of failure)
Press: ? - help, Q - select action, (/) - cycle Dir - move target, f/p - two-headed ogre
Aim: a two-headed ogre, wielding two +0 giant spiked clubs (heavily wounded, empty space bonus: 4/8)
The air twists around and strikes the two-headed ogre!
The two-headed ogre hits you with a +0 giant spiked club!!
* * * LOW HITPOINT WARNING * * *
The two-headed ogre barely misses you. 😨 HP[-25] MP[-4]
You take 25 damage, and now have 25/74 hp.
MASSIVE DAMAGE!! (PAUSE)
You lost 4 mp, and now have 14/25 mp.
Aiming: Airstrike (safe; 1% risk of failure)
Press: ? - help, Q - select action, (/) - cycle Dir - move target, f/p - two-headed ogre
Aim: a two-headed ogre, wielding two +0 giant spiked clubs (severely wounded, empty space bonus: 4/8)
The air twists around and strikes the two-headed ogre!
The two-headed ogre hits you with a +0 giant spiked club!
* * * LOW HITPOINT WARNING * * *
The two-headed ogre hits you with a +0 giant spiked club!!
You die...

Skill      XL: |  1  2  3  4  5  6  7  8  9 10 |
---------------+-------------------------------+-----
Stealth        | 2 3 |  3.4
Dodging        | 2 |  2.4
Conjurations   | 2 3 4 5 |  5.3
Spellcasting   | 3 4 5 6 8 10 | 10.4
Air Magic      | 4 5 6 9 10 | 10.8
Earth Magic    | 1 3 4 |  4.3
Invocations    | 1 |  1.8
Fighting       | |  0.2

Action                   |  1- 3 |  4- 6 |  7- 9 | 10-12 || total
-------------------------+-------+-------+-------+-------++-------
Melee: Unarmed           |     5 |       |       |       ||     5
       Club              |     2 |       |       |       ||     2
       Flail             |       |     2 |       |     1 ||     3
 Cast: Shock             |    80 |   112 |    69 |    17 ||   278
       Static Discharge  |     6 |    26 |    32 |     5 ||    69
       Airstrike         |       |       |    41 |    75 ||   116
 Abil: Breathe Frost     |       |       |    11 |     6 ||    17
  Use: Scroll            |       |     9 |       |     9 ||    18
Armor: Skin              |     2 |    19 |     2 |     2 ||    25
Dodge: Dodged            |    12 |    31 |    25 |    14 ||    82

Levels and vault maps discovered:
D:1:      denvon_arrival_hothouse, layout_basic
D:2:      minmay_spotlight, layout_rooms, basic_altar, basic_ecumenical_altar
D:3:      layout_basic, minmay_fractal_squares_diagonal_5, uniq_ijyb,
          uniq_natasha, uniq_jessica
D:4:      layout_basic, lemuel_crystal_altar, chequers_serial_rivers_marsh
D:5:      layout_gridville, nicolae_overflow_hidden_temple,
          kennysheep_generic_room_14
D:6:      layout_basic, lemuel_tele_altar, minmay_temple_entry_mist,
          cheibrodos_sewer_entry_sluice, uniq_duvessa, uniq_pikel,
          uniq_eustachio
D:7:      layout_layer_cave, mainiacjoe_overflow_big_doors, minivault_4
D:8:      layout_loops_ring, mainiacjoe_overflow_concentric_impassable,
          nicolae_vehumet_radiance
D:9:      minmay_distorted_concentric_squares, layout_irregular_city,
          okawaru_altar_gauntlet_db, lemuel_crystal_altar, enter_bailey_5,
          uniq_erolcha, uniq_psyche, uniq_grum
Temple:   dpeg_chambers_temple

Notes
Turn   | Place    | Note
-------+----------+-------------------------------------------
     0 | D:1      | mortz the Draconian Air Elementalist began the quest for
                  | the Orb.
     0 | D:1      | Reached XP level 1. HP: 14/14 MP: 3/3
     0 | D:1      | magus.rc [v1.9.6]
   500 | D:1      | Reached XP level 2. HP: 20/20 MP: 1/5
   503 | D:1      | Learned a level 2 spell: Static Discharge
  1172 | D:2      | Reached XP level 3. HP: 25/26 MP: 1/6
  1189 | D:2      | Reached skill level 2 in Stealth
  1273 | D:2      | Found a faded altar of an unknown god.
  1524 | D:2      | Reached skill level 2 in Dodging
  1639 | D:2      | Found a shadowy altar of Dithmenos.
  1799 | D:3      | Noticed Jessica
  1807 | D:3      | Killed Jessica
  1808 | D:3      | Reached XP level 4. HP: 33/33 MP: 5/7
  2055 | D:3      | Reached skill level 3 in Stealth
  2161 | D:3      | Reached skill level 2 in Conjurations
  2213 | D:3      | Noticed Natasha
  2217 | D:3      | Killed Natasha
  2218 | D:3      | Reached XP level 5. HP: 22/38 MP: 3/9
  2268 | D:3      | Noticed Natasha
  2273 | D:3      | Killed Natasha
  2274 | D:3      | Reached skill level 3 in Spellcasting
  2371 | D:3      | Noticed Natasha
  2378 | D:3      | Killed Natasha
  2443 | D:3      | Reached skill level 4 in Air Magic
  2607 | D:3      | Noticed Ijyb
  2619 | D:3      | Killed Ijyb
  2901 | D:3      | Identified 2 scrolls of acquirement
  2901 | D:3      | Acquired a staff of conjuration
  2908 | D:3      | Learned a level 4 spell: Airstrike
  2908 | D:3      | Acquired a staff of air
  3080 | D:4      | Reached XP level 6. HP: 44/45 MP: 6/11
  3246 | D:4      | Found a glowing golden altar of the Shining One.
  3355 | D:4      | Reached skill level 3 in Conjurations
  3514 | D:5      | Entered Level 5 of the Dungeon
  3520 | D:5      | Reached skill level 4 in Spellcasting
  3608 | D:5      | Identified the +8 flail "Umamper" {spect, Int+4 SInv}
  3941 | D:5      | Your scales start taking on an icy white colour.
  3941 | D:5      | Reached XP level 7. HP: 50/50 MP: 9/13
  3941 | D:5      | Gained mutation: Your flesh is cold resistant. (rC+) [White
                  | Draconian growth]
  3971 | D:5      | Reached skill level 5 in Air Magic
  4074 | D:5      | Found a burning altar of Makhleb.
  4078 | D:5      | You pick up a book of Armaments and begin reading...
  4078 | D:5      | You add the spells Stone Arrow and Lehudib's Crystal Spear
                  | to your library.
  4083 | D:5      | Learned a level 3 spell: Stone Arrow
  4188 | D:5      | Reached skill level 5 in Spellcasting
  4355 | D:5      | Reached skill level 1 in Earth Magic
  4388 | D:5      | Reached skill level 4 in Conjurations
  4475 | D:5      | You pick up a book of Winter and begin reading...
  4475 | D:5      | You add the spells Ozocubu's Armour, Metabolic Englaciation
                  | and Simulacrum to your library.
  4775 | D:6      | Noticed a yak
  4813 | D:6      | Reached XP level 8. HP: 43/57 MP: 3/16
  4914 | D:6      | Reached skill level 2 in Earth Magic
  5092 | D:6      | You pick up a book of Callings and begin reading...
  5092 | D:6      | You add the spells Summon Small Mammal, Call Canine
                  | Familiar and Summon Guardian Golem to your library.
  5103 | D:6      | Found a glowing drain.
  5248 | Sewer    | Entered a sewer
  5277 | Sewer    | Noticed Pargi
  5284 | Sewer    | Killed Pargi
  5285 | Sewer    | Reached skill level 6 in Air Magic
  5391 | D:6      | Reached skill level 6 in Spellcasting
  5434 | D:6      | Noticed Pikel
  5439 | D:6      | Killed Pikel
  5440 | D:6      | Reached skill level 5 in Conjurations
  5440 | D:6      | Reached skill level 3 in Earth Magic
  5446 | D:6      | Reached XP level 9. HP: 62/62 MP: 3/18
  5473 | D:6      | Found a broken altar of Ashenzari.
  5487 | D:6      | Noticed Dowan
  5505 | D:6      | Killed Dowan
  5578 | D:6      | Reached skill level 7 in Air Magic
  5683 | D:6      | Noticed Eustachio
  5686 | D:6      | Killed Eustachio
  5721 | D:6      | Noticed a two-headed ogre
  5740 | D:6      | Killed a two-headed ogre
  5741 | D:6      | Reached skill level 7 in Spellcasting
  5741 | D:6      | Reached skill level 4 in Earth Magic
  5944 | D:6      | Reached skill level 8 in Air Magic
  6057 | D:6      | Noticed Duvessa
  6064 | D:6      | Killed Duvessa
  6232 | D:6      | Reached skill level 8 in Spellcasting
  6296 | D:6      | Found a staircase to the Ecumenical Temple.
  6307 | D:6      | You pick up a book of Air and begin reading...
  6313 | Temple   | Entered the Ecumenical Temple
  6434 | Temple   | Became a worshipper of Elyvilon the Healer
  6623 | D:6      | Noticed a two-headed ogre
  6627 | D:6      | Killed a two-headed ogre
  6628 | D:6      | Reached skill level 9 in Air Magic
  6628 | D:6      | Reached XP level 10. HP: 69/69 MP: 7/22
  7243 | D:7      | Found a stormy altar of Qazlal.
  7390 | D:7      | Reached * piety under Elyvilon
  7516 | D:7      | You pick up a book of Rime and begin reading...
  7516 | D:7      | You add the spells Frozen Ramparts, Ice Form and Summon Ice
                  | Beast to your library.
  7596 | D:7      | You pick up a book of Pain and begin reading...
  7596 | D:7      | You add the spells Pain, Agony and Excruciating Wounds to
                  | your library.
  7917 | D:7      | Reached skill level 9 in Spellcasting
  8093 | D:7      | Found a bloodstained altar of Trog.
  8313 | D:8      | Found an ornate altar of the Wu Jian Council.
  8357 | D:8      | Noticed a four-headed hydra
  8369 | D:8      | Killed a four-headed hydra
  8370 | D:8      | Reached skill level 10 in Air Magic
  8413 | D:8      | Noticed a two-headed ogre
  8418 | D:8      | Killed a two-headed ogre
  8476 | D:8      | Reached ** piety under Elyvilon
  8570 | D:8      | magus.rc [v1.9.6]
  8624 | D:8      | Reached skill level 10 in Spellcasting
  8626 | D:8      | Reached skill level 1 in Invocations
  8777 | D:8      | Found a radiant altar of Vehumet.
  9272 | D:9      | Noticed Erolcha
  9277 | D:9      | Killed Erolcha
  9278 | D:9      | Reached XP level 11. HP: 74/74 MP: 5/25
  9343 | D:9      | Noticed a two-headed ogre
  9456 | D:8      | HP: 17/74 [two-headed ogre/+0 giant spiked club (8)]
  9456 | D:8      | Slain by a two-headed ogre

Vanquished Creatures
  Erolcha (D:9)
  A hydra (D:8)
  3 two-headed ogres
  Pikel (D:6)
  9 yaks
  Eustachio (D:6)
  2 steam dragons (D:7)
  Duvessa (D:6)
  3 orc warriors
  Pargi (Sewer)
  A black bear (D:7)
  2 sky beasts (D:6)
  3 ice beasts
  3 ogres
  2 centaurs
  A phantom (D:6)
  A kobold brigand (D:6)
  A gnoll sergeant (D:5)
  4 scorpions
  A wyvern zombie (D:6)
  Dowan (D:6)
  4 killer bees (D:7)
  An electric eel (D:7)
  4 howler monkeys (D:8)
  2 hounds
  2 jellies (D:7)
  A bullfrog zombie (D:5)
  2 orc priests
  A centaur skeleton (D:5)
  A bullfrog skeleton (D:6)
  Jessica (D:3)
  Ijyb (D:3)
  Natasha (thrice) (D:3)
  3 iguanas
  5 orc wizards
  A killer bee zombie (D:7)
  A hound skeleton (D:4)
  9 gnolls
  6 adders
  3 ufetubi
  An adder skeleton (D:4)
  2 worms
  21 orcs
  8 ball pythons
  9 bats
  8 endoplasms
  2 giant cockroaches
  5 goblins
  4 hobgoblins
  2 jackals (D:1)
  3 quokkas
  A frilled lizard (D:1)
  9 kobolds
  8 rats
177 creatures vanquished.

Table legend:
 A = Non-vault XP
 B = Vault XP
 C = Vault XP percentage of total XP
 D = Non-vault monster count
 E = Vault monster count
 F = Vault count percentage of total count
                 A         B        C        D         E       F
            +---------+---------+-------+---------+---------+-------
      Total |    9574 |    2320 |  19.5 |     148 |      29 |  16.4
            +---------+---------+-------+---------+---------+-------
        D:1 |      32 |       0 |   0.0 |      20 |       0 |   0.0
        D:2 |      49 |       6 |  10.9 |       9 |       4 |  30.8
        D:3 |     119 |     140 |  54.1 |      19 |      10 |  34.5
        D:4 |     183 |       0 |   0.0 |      14 |       0 |   0.0
        D:5 |     706 |      75 |   9.6 |      17 |       1 |   5.6
        D:6 |    3502 |    1079 |  23.6 |      30 |       7 |  18.9
        D:7 |    1529 |       0 |   0.0 |      18 |       0 |   0.0
        D:8 |    3341 |       0 |   0.0 |      16 |       0 |   0.0
        D:9 |     113 |     878 |  88.6 |       5 |       1 |  16.7
      Sewer |       0 |     142 | 100.0 |       0 |       6 | 100.0
            +---------+---------+-------+---------+---------+-------

Illustrated notes

Table legend:
 A = Kills in this place as a percentage of kills in entire the game.
 B = Kills by you in this place as a percentage of kills by you in the entire game.
 C = Kills by friends in this place as a percentage of kills by friends in the entire game.
 D = Other kills in this place as a percentage of other kills in the entire game.
 E = Experience gained in this place as a percentage of experience gained in the entire game.
 F = Experience gained in this place divided by the number of levels of this place that you have seen.
                   A       B       C       D       E      F
               +-------+-------+-------+-------+-------+----------------------
         Total | 100.0 | 100.0 |   N/A |   N/A | 100.0 | 1081.3
       Dungeon |  96.6 |  96.6 |   N/A |   N/A |  98.8 | 1305.8
         Sewer |   3.4 |   3.4 |   N/A |   N/A |   1.2 | 142.0
               +-------+-------+-------+-------+-------+----------------------

Table legend: (Time is in decaauts)
 A = Elapsed time spent in this place.
 B = Non-inter-level travel time spent in this place.
 C = Inter-level travel time spent in this place.
 D = Time resting spent in this place.
 E = Time spent auto-exploring this place.
 F = Levels seen in this place.
 G = Mean time per level.
                   A        B        C        D        E       F      G
               +--------+--------+--------+--------+--------+-----+--------+
         Total |   9472 |   9245 |    227 |    937 |   6883 |  11 |  861.1 |
       Dungeon |   9171 |   8967 |    204 |    933 |   6655 |   9 | 1019.0 |
        Temple |    214 |    191 |     23 |      0 |    178 |   1 |  214.0 |
         Sewer |     85 |     85 |      0 |      4 |     50 |   1 |   85.0 |
               +--------+--------+--------+--------+--------+-----+--------+

Top non-repeatable levels by time:
     D:6: 1797 daAuts
     D:7: 1435 daAuts
     D:3: 1270 daAuts
     D:1: 1128 daAuts
     D:5: 1073 daAuts
     D:8: 1033 daAuts
     D:4: 687 daAuts
     D:2: 633 daAuts
  Temple: 214 daAuts
     D:9: 112 daAuts
   Sewer: 85 daAuts
